Cogmind - Beta 10.2 @@@ ROGUE MODE // 2021.09.09 @ 21:21:49 // AFD2019/Pay2Buy Player: CrossedViper Result: Establishing 0b11! Performance ------------- Evolutions (9) 4500 Regions Visited (30) 6000 Robots Destroyed (1099) 5495 Value Destroyed (58268) 58268 Prototype IDs (64) 1280 Alien Tech Used (0) 0 Bonus (66982) 66982 TOTAL SCORE: 142525 Bonus ------- Triggered High Security 1500 High Alert Combat Kills 37285 Follower Combat Kills 1358 Entered Garrisons 1200 Used RIF Installer 2500 Aligned with FarCom 300 Met Zhirov 300 A7 Reached Mainframe 300 Destroyed MAIN.C Guards 500 Met MAIN.C 5000 Destroyed MAIN.C Shell 5000 Destroyed MAIN.C 10000 Win 3000 Friendly Fire -1261 Cogmind --------- Core Integrity 1341/1600 Matter 286/300 Energy 586/600 System Corruption 40% Temperature Cool (16) Movement Treading (160) Location 0b11 Command Parts ------- > --- POWER (2) -------- Improved Quantum Reactor Improved Quantum Reactor > --- PROPULSION (4) --- Advanced Heavy Siege Treads Advanced Heavy Siege Treads > --- UTILITY (13) ----- Experimental Power Amplifier Coolant Network Experimental Targeting Computer Improved Armor Integrity Analyzer Advanced Weapon Cycler Heavy Reflective Plating Advanced Powered Armor EM Dispersion Field Advanced Shield Generator > --- WEAPON (6) ------- Long-range Proton Cannon Long-range Proton Cannon Helical Railgun Graviton Cannon Compact Tesla Bomb Launcher > --- INVENTORY (10) --- Matter Filter Graviton Cannon Peak State ------------ > --- POWER ------------ Vortex Chain Reactor > --- PROPULSION ------- Centrium Heavy Treads Centrium Heavy Treads > --- UTILITY ---------- Experimental Power Amplifier Coolant Network Experimental Targeting Computer Improved Armor Integrity Analyzer Matter Filter Advanced Weapon Cycler Centrium Heavy Armor Plating Advanced Powered Armor Advanced Powered Armor EM Dispersion Field Long-range Tractor Beam > --- WEAPON ----------- Helical Railgun Helical Railgun Helical Railgun Helical Railgun Graviton Cannon Graviton Cannon > --- INVENTORY -------- Long-range Proton Cannon Long-range Proton Cannon Helical Railgun Helical Railgun Helical Railgun Compact Tesla Bomb Launcher 99-TNT's Nukerbomber [Rating: 214] Favorites ----------- Power Heavy Antimatter Reactor Power Core Micro Nuclear Core Reactor Heavy Antimatter Reactor Propulsion Armored Treads Treads Armored Treads Leg Centrium Leg Wheel Armored Huge Wheel Utility Layered Heavy Armor Plating Device Advanced Force Field Processor Armor Integrity Analyzer Hackware Relay Coupler [Grunt] Protection Layered Heavy Armor Plating Weapon Helical Railgun Energy Cannon Heavy Proton Cannon Ballistic Gun Helical Railgun Ballistic Cannon Tri-rail Accelerator Launcher Compact Tesla Bomb Launcher Special Weapon Remote Datajack Impact Weapon Gravity Flail Slashing Weapon Great Axe Build | -11 -10 -10 -10 -9 -8 -8 -8 -8 -7 -7 -7 -7 -6 -6 -6 -5 -5 -5 -5 -4 -4 -4 -4 -4 -3 -3 -2 -2 -1 -1 ------- Run | Scr Mat Min Exi Min Mat Gar Mat Gar Fac Gar Fac Gar Fac Was Fac Fac Upp Upp Zhi Pro Fac Ext Cet Arc Res Gar Res Gar Acc Com Slots Evolved 18 | . . . . . 4 . . . 2 . . . 2 . . 2 . . . . 2 . . . 2 . 2 . 2 . Power 1 | . . . . . . . . . . . . . 1 . . . . . . . . . . . . . . . . . Propulsion 2 | . . . . . . . . . . . . . 1 . . . . . . . 1 . . . . . . . . . Utility 11 | . . . . . 4 . . . 1 . . . . . . 2 . . . . 1 . . . . . 2 . 1 . Weapon 4 | . . . . . . . . . 1 . . . . . . . . . . . . . . . 2 . . . 1 . Parts Attached 290 | . 1 2 . . . 11 11 10 4 10 9 7 25 8 8 50 6 3 2 15 7 42 10 . 5 2 7 . 9 26 Power 7 | . . . . . . . . . . . 1 . 2 . . 1 . . . 2 . . . . . 1 . . . . Engine . | . . . . . . . . . . . . . . . . . . . . . . . . . . . . . . . Core . | . . . . . . . . . . . . . . . . . . . . . . . . . . . . . . . Reactor 7 | . . . . . . . . . . . 1 . 2 . . 1 . . . 2 . . . . . 1 . . . . Propulsion 15 | . . . . . . 2 . . . . . 1 1 1 . 3 . . . 5 2 . . . . . . . . . Treads 10 | . . . . . . 2 . . . . . 1 1 . . 2 . . . 2 2 . . . . . . . . . Leg 3 | . . . . . . . . . . . . . . . . . . . . 3 . . . . . . . . . . Wheel 2 | . . . . . . . . . . . . . . 1 . 1 . . . . . . . . . . . . . . Hover . | . . . . . . . . . . . . . . . . . . . . . . . . . . . . . . . Flight . | . . . . . . . . . . . . . . . . . . . . . . . . . . . . . . . Utility 140 | . 1 2 . . . 1 5 1 3 2 5 2 16 1 6 30 . 3 . 4 2 29 3 . 3 1 3 . 8 9 Device 103 | . . 1 . . . 1 1 . 1 . 3 1 13 1 2 29 . 3 . 3 . 28 3 . 3 . 1 . 5 4 Storage . | . . . . . . . . . . . . . . . . . . . . . . . . . . . . . . . Processor 4 | . . . . . . . . . . . . . . . 1 . . . . 1 1 . . . . . . . 1 . Hackware 10 | . . . . . . . 2 1 1 1 2 . . . 2 . . . . . . . . . . . . . 1 . Protection 23 | . 1 1 . . . . 2 . 1 1 . 1 3 . 1 1 . . . . 1 1 . . . 1 2 . 1 5 Artifact . | . . . . . . . . . . . . . . . . . . . . . . . . . . . . . . . Weapon 128 | . . . . . . 8 6 9 1 8 3 4 6 6 2 16 6 . 2 4 3 13 7 . 2 . 4 . 1 17 Energy Gun . | . . . . . . . . . . . . . . . . . . . . . . . . . . . . . . . Energy Cannon 8 | . . . . . . . . . . . . . . . . . 2 . 1 1 . . . . . . . . . 4 Ballistic Gun 57 | . . . . . . 5 3 5 . 4 . 4 4 3 . . . . . . 2 9 4 . 2 . 4 . 1 7 Ballistic Cannon 18 | . . . . . . . 1 . . . . . . . . 10 1 . 1 1 . . . . . . . . . 4 Launcher 29 | . . . . . . 1 1 . . 1 2 . 2 1 2 6 3 . . 2 1 3 2 . . . . . . 2 Special Weapon 6 | . . . . . . . 1 . 1 1 1 . . 2 . . . . . . . . . . . . . . . . Impact Weapon 2 | . . . . . . . . . . . . . . . . . . . . . . 1 1 . . . . . . . Slashing Weapon 8 | . . . . . . 2 . 4 . 2 . . . . . . . . . . . . . . . . . . . . Piercing Weapon . | . . . . . . . . . . . . . . . . . . . . . . . . . . . . . . . Special Melee Weapon . | . . . . . . . . . . . . . . . . . . . . . . . . . . . . . . . Unidentified Prototypes 1 | . . 1 . . . . . . . . . . . . . . . . . . . . . . . . . . . . Parts Lost 45 | . . . . 1 2 3 . 1 2 1 1 2 1 . 1 3 . 1 . 1 . 4 . . 2 . . . 1 18 Power 1 | . . . . . . . . . . . . . . . . . . . . . . 1 . . . . . . . . Propulsion 3 | . . . . . 1 . . . . . . . . . . . . . . . . . . . . . . . . 2 Utility 27 | . . . . 1 . 2 . 1 1 1 1 1 . . . 3 . 1 . 1 . 3 . . 2 . . . 1 8 Weapon 14 | . . . . . 1 1 . . 1 . . 1 1 . 1 . . . . . . . . . . . . . . 8 Highest Loss Streak 9 | . . . . 1 1 1 . 1 1 1 1 1 1 . 1 1 . 1 . 1 . 2 . . 2 . . . 1 9 Average Slot Usage (%) 80 | . 85 85 85 71 69 82 89 89 91 86 88 83 71 74 75 70 73 70 64 78 83 83 77 78 82 76 73 73 76 76 Core 1 | . . . . . . 3 9 9 7 7 5 . . . . . . . . . . . . . . . . . . . Reactor 6 | . . . . . . . . . . . 1 7 12 13 13 11 11 11 11 11 10 9 10 10 9 4 4 4 4 5 Treads 12 | . 28 28 28 28 18 17 18 18 15 15 15 15 11 6 6 9 11 11 11 6 10 10 10 10 9 9 8 8 8 7 Device 18 | . . . . . 9 8 17 12 13 15 20 15 16 20 19 22 26 17 17 24 25 26 26 26 25 23 21 21 21 21 Processor 7 | . 14 14 14 14 15 17 9 9 7 7 7 7 2 . . . . . . 3 8 10 10 10 9 9 8 8 11 8 Protection 13 | . 14 14 14 . 8 16 17 18 23 17 14 15 12 13 11 16 11 16 17 11 11 9 5 5 4 4 8 8 7 10 Ballistic Gun 14 | . 28 28 28 28 18 17 14 15 22 21 20 22 7 7 6 . . . . . 15 14 13 15 23 23 21 21 24 16 Naked Turns . | . . . . . . . . . . . . . . . . . . . . . . . . . . . . . . . Heaviest Build 156 | 11 11 11 11 4 27 60 62 62 75 83 83 67 80 94 90 99 99 109 109 109 88 122 109 105 122 123 145 145 156 149 Greatest Support 160 | 46 46 46 46 46 46 40 40 40 40 40 50 60 100 97 28 97 97 105 105 105 155 160 160 160 160 160 160 160 160 160 Greatest Overweight (x) 3 | . . . . . . 2 1 1 1 2 1 1 1 3 3 3 1 1 1 3 . . . . . . . . . . Average Overweight (x) . | . . . . . . . 1 1 1 1 1 . . 2 2 2 . 1 . . . . . . . . . . . . Largest Inventory Capacity 10 | 10 10 10 10 10 10 10 10 10 10 10 10 10 10 10 10 10 10 10 10 10 10 10 10 10 10 10 10 10 10 10 Average Capacity 10 | 10 10 10 10 10 10 10 10 10 10 10 10 10 10 10 10 10 10 10 10 10 10 10 10 10 10 10 10 10 10 10 Most Carried 10 | . . 9 9 9 9 10 10 10 10 10 10 10 10 10 10 10 10 10 10 10 10 10 10 9 9 9 10 10 10 10 Average Carried 8 | . . 7 9 9 9 8 9 9 9 8 9 9 9 9 9 8 9 9 10 9 9 9 8 9 7 7 9 10 9 6 Final Capacity 10 | 10 10 10 10 10 10 10 10 10 10 10 10 10 10 10 10 10 10 10 10 10 10 10 10 10 10 10 10 10 10 10 Final Carried 10 | . 7 9 9 9 9 10 8 10 8 9 7 10 10 10 9 9 10 10 10 10 10 9 9 9 7 9 10 10 10 2 Class Distribution -------------------- 52% | Mutant 23% | Gunner 11% | Tank 6% | Bothacker-Tank 3% | Executioner Dominant Class ---------------- Mutant | -10/Materials Mutant | -10/Mines Mutant | -10/Exiles Mutant | -9/Mines Mutant | -8/Materials Mutant | -8/Garrison Mutant | -8/Materials Mutant | -8/Garrison Tank | -7/Factory Tank | -7/Garrison Bothacker-Tank | -7/Factory Tank | -7/Garrison Mutant | -6/Factory Mutant | -6/Waste Mutant | -6/Factory Mutant | -5/Factory Mutant | -5/Upper Caves Mutant | -5/Upper Caves Mutant | -5/Zhirov Mutant | -4/Proximity Caves Gunner | -4/Factory Gunner | -4/Extension Gunner | -4/Cetus Gunner | -4/Archives Gunner | -3/Research Gunner | -3/Garrison Gunner | -2/Research Gunner | -2/Garrison Executioner | -1/Access Executioner | -1/Command Resources | -11 -10 -10 -10 -9 -8 -8 -8 -8 -7 -7 -7 -7 -6 -6 -6 -5 -5 -5 -5 -4 -4 -4 -4 -4 -3 -3 -2 -2 -1 -1 ----------- Run | Scr Mat Min Exi Min Mat Gar Mat Gar Fac Gar Fac Gar Fac Was Fac Fac Upp Upp Zhi Pro Fac Ext Cet Arc Res Gar Res Gar Acc Com Matter Collected 28747 | . 398 103 . 13 841 863 1178 376 657 626 1437 848 1379 643 298 3234 327 81 28 709 811 4577 625 191 975 840 695 1275 2077 2642 Remotely 17501 | . . . . . . 231 . . . . 225 369 828 643 10 2495 327 . . . . 3362 581 191 975 840 695 1275 2077 2377 Salvage Created 60360 | . 422 240 . 88 2118 1285 1445 552 909 693 2054 991 6395 1377 445 8839 443 554 88 939 2109 11069 1049 386 1936 1344 1098 1897 3432 6163 Parts . | . . . . . . . . . . . . . . . . . . . . . . . . . . . . . . . Haulers Intercepted 7 | . . . . . . . 1 . . . . . 1 . . 4 . . . . . . . . . . . . 1 . Recyclers Shooed 4 | . . . . . . . . . . . . . 1 . . . . . . . . . . . . . . . . 3 Parts Field Recycled . | . . . . . . . . . . . . . . . . . . . . . . . . . . . . . . . Retrieved Matter . | . . . . . . . . . . . . . . . . . . . . . . . . . . . . . . . Parts Self-Destructed . | . . . . . . . . . . . . . . . . . . . . . . . . . . . . . . . Prevented . | . . . . . . . . . . . . . . . . . . . . . . . . . . . . . . . Kills | -11 -10 -10 -10 -9 -8 -8 -8 -8 -7 -7 -7 -7 -6 -6 -6 -5 -5 -5 -5 -4 -4 -4 -4 -4 -3 -3 -2 -2 -1 -1 ------- Run | Scr Mat Min Exi Min Mat Gar Mat Gar Fac Gar Fac Gar Fac Was Fac Fac Upp Upp Zhi Pro Fac Ext Cet Arc Res Gar Res Gar Acc Com Combat Hostiles Destroyed 936 | . 10 3 . 2 44 34 29 19 18 18 36 24 78 6 4 123 9 8 . 30 25 179 24 4 20 22 12 23 39 93 Melee 2 | . . . . . . 1 . . . . . . . . . 1 . . . . . . . . . . . . . . Guns 523 | . 10 3 . 2 44 27 23 17 18 12 31 24 8 . . . . . . . 23 130 9 4 20 22 12 23 39 22 Cannons 44 | . . . . . . . . 2 . . . . . . 1 11 . 5 . 17 . . . . . . . . . 8 AOE 270 | . . . . . . 6 6 . . 6 5 . 36 6 1 66 5 . . 11 2 49 15 . . . . . . 56 Classes Destroyed 23 | . 6 . . . 4 1 2 . 1 2 . . 3 1 1 . . . . . . 1 . . . . . . . 1 Worker 53 | . 1 . . . . . 2 . 1 . 2 . 13 . 1 16 . . . . 6 . . . 2 . 1 . 5 3 Builder 37 | . 1 . . . 1 . . . . . 1 . 16 . 1 4 . . . . . 3 . . 3 . . . 7 . Tunneler 6 | . . . . . . . . . . . . . 2 . . 3 . . . . 1 . . . . . . . . . Hauler 7 | . . . . . . . 1 . . . . . 1 . . 4 . . . . . . . . . . . . 1 . Recycler 19 | . 1 1 . . . . 1 . . . 2 . 2 . . 1 . . . . 2 1 . . 3 . . . 1 4 Carrier 3 | . . . . . . . . . . . . . . . . . . . . . . 3 . . . . . . . . Mechanic 14 | . . . . . . . . . . . . . 1 . . 6 . . . . . 7 . . . . . . . . Operator 2 | . . . . . 1 . . . . . . . 1 . . . . . . . . . . . . . . . . . Watcher 17 | . 3 . . . 2 . 2 . 1 . 1 . 2 . . 1 . . . . 1 3 . . . . . 1 . . Swarmer 111 | . 6 . . . 6 11 1 11 5 3 . 11 11 . 1 . 4 . . 21 4 5 . . . 8 . . . 3 Saboteur 26 | . . . . . . 1 . . . . . . 3 . . 9 . . . . . 10 2 . . . . . 1 . Grunt 401 | . 4 3 . 2 23 17 18 2 6 10 19 8 39 . . 58 2 5 . 5 9 85 11 . 6 11 5 12 14 27 Brawler 49 | . . . . . 1 . 2 2 . 1 1 . 4 . . 8 2 . . . . 17 1 . . . . . 5 5 Duelist 43 | . . . . . 2 . 1 1 . 1 5 . 4 . 1 5 . 2 . . . 10 2 . 2 . . . 3 4 Protector 26 | . . . . . . . 1 . . . 1 . 2 . . 6 . . . . . 9 1 . 1 . . . 3 2 Sentry 71 | . . . . . 12 5 6 3 5 . 4 3 3 . . 2 1 1 . 1 5 3 4 4 3 . 2 3 . 1 Demolisher 1 | . . . . . . . . . . . . . . . . . . . . . . . . . . . . . . 1 Specialist 3 | . . . . . . . . . . 2 . . . . . . . . . . . . . . . . . . . 1 Hunter 75 | . . . . . . . . . . 1 1 1 7 . 1 12 . . . . . 8 1 . 6 . 4 6 2 25 Programmer 95 | . . . . . . . . . 2 . 5 1 4 . 1 23 . . . 2 7 16 . . 2 2 . 2 11 17 Behemoth 4 | . . . . . . . . . . . . . 1 . . . . . . 1 . . . . . 1 1 . . . Compactor 6 | . . . . . . . . . . . . . . 6 . . . . . . . . . . . . . . . . Cetus Guard 2 | . . . . . . . . . . . . . . . . . . . . . . . 2 . . . . . . . M Guard 2 | . . . . . . . . . . . . . . . . . . . . . . . . . . . . . . 2 Enhanced Grunt 1 | . . . . . . . . . . . . . . . . . . . 1 . . . . . . . . . . . Combat Programmer 2 | . . . . . . . . . . . . . . . . . . . . . . . . . . . . . . 2 Striker 1 | . . . . . . . . . . . . . . . . . . . . . . . . . . . . . . 1 Surgeon 1 | . . . . . . . . . . . . . . . 1 . . . . . . . . . . . . . . . Wasp 1 | . . . . . . . . . . . . . . . 1 . . . . . . . . . . . . . . . Thug 8 | . . . . . . . . . . . . . . . 1 . . . . . . 7 . . . . . . . . Savage 2 | . . . . . . . . . . . . . . . . . . . . . . 2 . . . . . . . . Butcher 4 | . . . . . . . . . . . . . . . . . . . . . . 4 . . . . . . . . Martyr 1 | . . . . . . . . . . . . . . . 1 . . . . . . . . . . . . . . . Guerrilla 3 | . . . . . . . . . . . . . . . . . . . . . . 3 . . . . . . . . Best Kill Streak 63 | . 6 2 . 2 11 7 7 5 3 6 5 7 13 3 3 22 8 5 . 7 13 40 21 4 16 9 5 8 12 63 Combat Bots Only 63 | . 6 2 . 2 9 7 7 5 3 6 5 7 10 3 2 14 8 5 . 7 5 35 21 4 8 9 5 7 6 63 Max Kills in Single Turn 18 | . 2 1 . 1 2 4 4 1 1 6 5 1 5 1 2 8 4 2 1 3 3 12 8 1 2 3 1 2 3 18 Gunslinging 1 | . 1 . . . . 1 . . . . . . . . . . . . . . 1 1 . . . 1 . 1 1 1 Exploded 18 | . . . . . . 4 4 . . 6 5 . 3 1 1 8 4 . . 3 2 9 8 . . . . . . 18 Melee 1 | . . . . . . 1 . . . . . . . . . 1 . . . . . . . . . . . . . . Uniques/NPCs Destroyed 2 | . . . . . . . . . . . . . . . . . . . . . . . . . . . . . . 2 MAIN.C Shell (-1/Command) MAIN.C (-1/Command) Combat | -11 -10 -10 -10 -9 -8 -8 -8 -8 -7 -7 -7 -7 -6 -6 -6 -5 -5 -5 -5 -4 -4 -4 -4 -4 -3 -3 -2 -2 -1 -1 -------- Run | Scr Mat Min Exi Min Mat Gar Mat Gar Fac Gar Fac Gar Fac Was Fac Fac Upp Upp Zhi Pro Fac Ext Cet Arc Res Gar Res Gar Acc Com Damage Taken 30093 | . 239 112 . 89 1427 1038 899 310 906 641 976 1271 1975 . 286 2912 167 299 . 688 778 2674 489 128 1151 458 465 472 830 8413 Core 1502 | . 39 24 . . 135 71 53 11 28 25 80 165 35 . . 158 . . . 73 42 162 39 12 62 . . 29 21 238 Absorbed by Shields 12350 | . . . . . . 172 338 138 202 208 472 369 651 . 46 926 64 27 . 371 821 2080 433 135 646 456 485 496 874 1940 Reduced by Siege Mode 953 | . . . . . . . . . . . . . 36 . . 249 . 45 . 21 40 198 37 . 64 15 . 17 3 228 Core Remaining (%) 80 | 100 . . . 74 . . . 50 . . . 57 . . 95 . . . . 76 . . . 77 . 95 . 98 . 83 Volleys Fired 1686 | . 35 11 . 3 97 62 99 33 44 32 87 48 133 8 26 218 19 19 8 60 51 213 23 12 37 33 25 51 71 128 Largest 6 | . 2 2 . 2 2 2 2 2 3 3 3 3 3 1 1 1 1 1 1 1 3 3 3 3 5 5 5 5 6 6 Hottest 310 | . 50 50 . 50 56 56 72 72 84 84 84 84 84 30 60 60 81 81 81 81 114 114 114 114 190 190 190 190 228 310 Shots Fired 4251 | . 70 22 . 6 194 117 186 64 128 89 232 142 183 8 27 219 18 17 9 62 149 595 63 36 185 164 125 255 425 461 Gun 3569 | . 70 22 . 6 194 114 148 54 126 87 223 142 84 . . . . . . . 147 580 60 36 185 164 125 255 425 322 Cannon 282 | . . . . . . . 27 10 . . . . . . 6 29 6 17 9 57 . . . . . . . . . 121 Launcher 375 | . . . . . . 3 2 . . 1 1 . 99 8 16 190 12 . . 5 2 15 3 . . . . . . 18 Special 25 | . . . . . . . 9 . 2 1 8 . . . 5 . . . . . . . . . . . . . . . Kinetic 3723 | . 70 22 . 6 194 114 175 64 126 87 223 142 84 . 6 29 . . 4 13 147 580 60 36 185 164 125 255 425 387 Thermal . | . . . . . . . . . . . . . . . . . . . . . . . . . . . . . . . Explosive 57 | . . . . . . 3 2 . . 1 1 . . 8 . 12 1 . . 3 . 15 3 . . . . . . 8 Electromagnetic 446 | . . . . . . . . . . . . . 99 . 16 178 17 17 5 46 2 . . . . . . . . 66 Robot Hit Streak 80 | . 22 14 . 6 20 42 14 8 17 13 15 10 15 11 9 45 2 9 13 14 17 53 12 8 52 29 21 44 30 80 Robot Miss Streak 13 | . 2 1 . . 6 5 9 5 11 4 8 13 3 2 2 3 2 1 . 3 2 3 2 1 3 4 3 2 5 4 Penetration Max 2 | . . . . . . . . . . . . 1 1 . . . . . . . 2 2 2 1 2 2 . 1 2 2 Secondary Targets 118 | . 2 . . . 6 5 . 2 . 4 3 5 . . . . . . . . 9 41 1 . 6 6 1 4 13 10 Max Gunslinging Chain 2 | . 1 . . . 1 1 . 1 . 1 1 1 . . . . . . . . 2 2 1 . 1 2 1 1 2 2 Capacitor 72 | . . . . . . . . . . . . . . . . . 6 17 5 44 . . . . . . . . . . Shots Hit Robots 3164 | . 50 18 . 6 167 104 167 60 113 80 201 109 87 8 11 92 6 16 4 41 100 492 45 27 143 119 80 203 266 349 Core Hits 2580 | . 22 8 . 3 169 143 131 55 103 72 198 91 156 9 19 267 12 7 . 37 55 395 56 12 63 37 34 59 122 245 Critical Hits 102 | . . . . . 1 . . . . . . 3 . . . 2 . 2 . 3 10 31 . . 5 5 2 7 14 17 Critical Kills 39 | . . . . . . . . . . . . 2 . . . . . 1 . 2 5 11 . . 1 3 1 4 5 4 Critical Parts Destroyed 54 | . . . . . 1 . . . . . . 1 . . . 2 . 1 . . 5 18 . . 4 2 1 3 9 7 Melee Attacks 14 | . . . . . . 2 . 4 . 2 . . . . . . . . . . . 4 2 . . . . . . . Impact 6 | . . . . . . . . . . . . . . . . . . . . . . 4 2 . . . . . . . Slashing 8 | . . . . . . 2 . 4 . 2 . . . . . . . . . . . . . . . . . . . . Piercing . | . . . . . . . . . . . . . . . . . . . . . . . . . . . . . . . Sneak Attacks . | . . . . . . . . . . . . . . . . . . . . . . . . . . . . . . . Combat Hostiles . | . . . . . . . . . . . . . . . . . . . . . . . . . . . . . . . Follow-up Attacks . | . . . . . . . . . . . . . . . . . . . . . . . . . . . . . . . Damage Inflicted 157406 | . 763 302 . 106 3321 3021 3365 913 1708 2099 4048 1612 11263 3772 1388 20510 1154 711 120 2724 4625 35512 4545 1008 5494 2911 2474 4867 9541 23529 Guns 82625 | . 756 294 . 106 3307 2079 2022 790 1596 1068 3398 1612 1444 . . . . . . . 4239 23778 1836 1008 5480 2911 2343 4867 9541 8150 Cannons 8468 | . . . . . . . 240 123 . . . . . . 253 1855 135 711 120 1472 . . . . . . . . . 3559 Explosions 65934 | . . . . . . 942 1048 . 107 1031 454 . 9783 3772 1135 18655 1019 . . 1252 361 11722 2709 . . . 131 . . 11813 Melee . | . . . . . . . . . . . . . . . . . . . . . . . . . . . . . . . Ramming 379 | . 7 8 . . 14 . 55 . 5 . 196 . 36 . . . . . . . 25 12 . . 14 . . . . 7 Kinetic 87795 | . 756 294 . 106 3307 2079 2262 913 1596 1068 3398 1612 1444 . 253 1855 . . . 469 4239 23778 1836 1008 5480 2911 2343 4867 9541 10380 Thermal 306 | . . . . . . . . . . . . . . . . 231 . . . 32 . . . . . . . . . 43 Explosive 39461 | . . . . . . 942 1048 . 46 1031 454 . . 3772 . 4991 509 . . 1026 125 11722 2709 . . . 131 . . 10955 Electromagnetic 29465 | . . . . . . . . . 61 . . . 9783 . 1135 13433 645 711 120 1197 236 . . . . . . . . 2144 Impact . | . . . . . . . . . . . . . . . . . . . . . . . . . . . . . . . Slashing . | . . . . . . . . . . . . . . . . . . . . . . . . . . . . . . . Piercing . | . . . . . . . . . . . . . . . . . . . . . . . . . . . . . . . Highest Corruption 40 | . . . . . . . 2 4 3 3 12 12 6 6 6 21 21 21 21 22 3 6 6 6 1 4 . . 7 40 Average Corruption 8 | . . . . . . . 1 3 1 3 8 12 4 6 6 8 21 21 21 21 2 4 6 6 1 2 . . 4 26 Corruption Purged . | . . . . . . . . . . . . . . . . . . . . . . . . . . . . . . . Effects 1020 | . . . . . . . 4 16 5 23 112 55 43 12 16 66 40 30 12 164 3 151 15 3 5 10 . . 38 197 Message Errors 159 | . . . . . . . 2 3 . 4 19 5 10 2 3 12 7 5 5 33 2 28 2 . 1 3 . . 5 8 Matter Fused 158 | . . . . . . . . 2 . 6 21 7 9 3 4 12 4 6 2 30 . 35 3 2 . . . . 4 8 Heat Flow Errors 91 | . . . . . . . 1 3 1 1 20 6 5 5 1 2 1 1 1 15 . 18 2 . . 1 . . 3 4 Energy Discharges 82 | . . . . . . . . 4 1 5 9 4 4 1 4 7 4 4 . 12 . 15 . . . 1 . . 1 6 Parts Rejected 10 | . . . . . . . . . . . 1 . . . . 2 . . . 1 . 3 . . . . . . . 3 Data Loss (minor) 82 | . . . . . . . . 3 1 3 11 5 5 1 3 7 5 . 1 11 1 17 2 . 1 1 . . 1 3 Data Loss (major) 19 | . . . . . . . . . . . 3 2 1 . . . . 1 . 9 . 2 . . . . . . . 1 Misfires 18 | . . . . . . . . . . . 2 4 1 . 1 1 . . 1 5 . . . . . . . . . 3 Alerts 4 | . . . . . . . . . . . 1 1 . . . . 1 . 1 . . . . . . . . . . . Misdirections 62 | . . . . . . . . . . . 1 3 . . . . 11 5 1 35 . . . . . . . . . 6 Targeting Errors 285 | . . . . . . . 1 1 2 3 23 14 6 . . 23 6 6 . 10 . 27 6 1 3 3 . . 23 127 Weapon Failures 50 | . . . . . . . . . . 1 1 4 2 . . . 1 2 . 3 . 6 . . . 1 . . 1 28 Overload Shots . | . . . . . . . . . . . . . . . . . . . . . . . . . . . . . . . Overflow Damage 3888 | . . . . . . 192 143 . 6 125 11 . 457 21 23 918 95 47 . 133 12 707 80 . . . . . . 918 Projectiles 379 | . . . . . . . . . . . . . . . . 157 . 47 . 52 . . . . . . . . . 123 Explosions 3498 | . . . . . . 192 143 . 6 125 . . 457 21 23 761 95 . . 81 12 707 80 . . . . . . 795 Melee 11 | . . . . . . . . . . . 11 . . . . . . . . . . . . . . . . . . . Knockbacks 41 | . . . . . . . 10 2 . . 3 . . . 2 10 . . . 4 . . . . . . . . . 10 Impact 5 | . . . . . . . 2 . . . 3 . . . . . . . . . . . . . . . . . . . Kinetic 35 | . . . . . . . 8 2 . . . . . . 2 9 . . . 4 . . . . . . . . . 10 Secondary 1 | . . . . . . . . . . . . . . . . 1 . . . . . . . . . . . . . . Self-Inflicted Damage 1908 | . . . . . . 43 . . 113 209 107 . 240 . 51 642 55 . . . . 45 . . . . . . . 403 Shots 72 | . . . . . . 1 . . 1 3 2 . 8 . 2 39 3 . . . . 1 . . . . . . . 12 Rammed 39 | . 1 2 . . 4 . 4 . 1 . 15 . 3 . . . . . . . 5 1 . . 2 . . . . 1 Targets Rammed 40 | . 1 2 . . 5 . 4 . 1 . 15 . 3 . . . . . . . 5 1 . . 2 . . . . 1 Kicked . | . . . . . . . . . . . . . . . . . . . . . . . . . . . . . . . Crushed 1 | . . . . . 1 . . . . . . . . . . . . . . . . . . . . . . . . . Highest Temperature 435 | . 15 21 . 36 26 354 236 261 186 167 263 353 289 217 228 235 197 360 230 320 139 435 229 . 343 18 . . 229 165 Average Temperature 97 | . 5 8 . 20 5 111 47 89 60 59 79 98 62 80 61 117 129 136 91 104 53 97 110 . 119 18 . . 92 48 Received Heat Transfer 4502 | . 78 57 . 48 621 483 432 54 224 169 285 176 279 . 12 219 18 66 . 32 101 323 41 16 65 37 44 40 56 526 Effects 13 | . . . . . . 1 . . . . . 1 2 . . . . . . 1 . 7 . . 1 . . . . . Shutdowns 2 | . . . . . . 1 . . . . . . . . . . . . . . . 1 . . . . . . . . Energy Bleed 1 | . . . . . . . . . . . . . . . . . . . . 1 . . . . . . . . . . Interference 10 | . . . . . . . . . . . . 1 2 . . . . . . . . 6 . . 1 . . . . . Siege Activations 41 | . . . . . . . . . . . . . 4 . . 5 . 2 . 3 5 4 2 . 2 4 . 3 3 4 Total Turns 7582 | . . . . . . . . . . . . . 1466 . . 933 . 14 . 26 51 4547 56 . 65 69 . 144 41 170 Longest Duration 4403 | . . . . . . . . . . . . . 1433 . . 517 . 9 . 10 23 4403 38 . 44 28 . 84 15 79 Robots Corrupted 108 | . . . . . . . . . . . . . 42 . 2 47 4 3 1 2 . . . . . . . . . 7 Combat Hostiles 97 | . . . . . . . . . . . . . 34 . 2 45 4 3 . 2 . . . . . . . . . 7 Parts Fried . | . . . . . . . . . . . . . . . . . . . . . . . . . . . . . . . Impact Corruptions 1 | . . . . . . . . . . . 1 . . . . . . . . . . . . . . . . . . . Robots Melted . | . . . . . . . . . . . . . . . . . . . . . . . . . . . . . . . Combat Hostiles . | . . . . . . . . . . . . . . . . . . . . . . . . . . . . . . . Parts Melted . | . . . . . . . . . . . . . . . . . . . . . . . . . . . . . . . Heat Transferred 250 | . . . . . . . . . . . . . . . . 150 . . . 50 . . . . . . . . . 50 Parts Sabotaged 8 | . . . . . . 3 . . . . . . 3 . . . . . . . . . . . . . . . . 2 Parts Stolen . | . . . . . . . . . . . . . . . . . . . . . . . . . . . . . . . Parts Stripped . | . . . . . . . . . . . . . . . . . . . . . . . . . . . . . . . Power Chain Reactions 2 | . . . . . . . . . . . . . . . . . . . . 1 . . . . . . . . . 1 Missiles Intercepted . | . . . . . . . . . . . . . . . . . . . . . . . . . . . . . . . Alert | -11 -10 -10 -10 -9 -8 -8 -8 -8 -7 -7 -7 -7 -6 -6 -6 -5 -5 -5 -5 -4 -4 -4 -4 -4 -3 -3 -2 -2 -1 -1 ------- Run | Scr Mat Min Exi Min Mat Gar Mat Gar Fac Gar Fac Gar Fac Was Fac Fac Upp Upp Zhi Pro Fac Ext Cet Arc Res Gar Res Gar Acc Com Peak Influence 4593 | . 295 145 . 68 953 1764 909 841 485 846 892 645 2136 850 1133 3923 . . . . 1032 4593 3441 1558 1288 1588 1399 1629 1988 1693 Initial 2572 | . . 2 . . 26 619 859 241 441 266 443 . 338 747 595 525 . . . . 96 505 2572 1376 584 885 893 899 976 1272 Average 987 | . 106 42 . 65 440 1194 495 563 296 555 475 379 1121 828 837 1807 . . . . 471 1703 2935 1521 849 1258 1168 1448 1465 1508 Maximum Alert Level 5 | . 1 . . . 3 5 3 3 2 3 3 2 5 3 4 5 . . . . 3 5 5 4 4 4 4 5 5 5 Low Security (%) 12 | 100 95 100 . 100 28 . 16 . 21 . 2 27 . . . . . . . . 39 . . . . . . . . . Level 1 11 | . 4 . . . 24 . 25 16 51 15 35 15 14 . . . . . . . 4 . . . . . . . . . Level 2 19 | . . . . . 21 16 25 48 26 76 47 56 7 . 37 14 . . . . 23 1 . . 41 . . . . . Level 3 18 | . . . . . 25 28 32 34 . 7 15 . 30 100 61 2 . . . . 32 12 . . 40 16 42 12 22 . Level 4 23 | . . . . . . 38 . . . . . . 32 . 1 32 . . . . . 55 . 100 18 83 57 41 37 50 Level 5 8 | . . . . . . 16 . . . . . . 14 . . 16 . . . . . 8 14 . . . . 46 40 49 High Security 7 | . . . . . . . . . . . . . . . . 33 . . . . . 20 85 . . . . . . . Max Security . | . . . . . . . . . . . . . . . . . . . . . . . . . . . . . . . Sterilizations 1 | . . . . . . . . . . . . . . . . . . . . . . 1 . . . . . . . . Squads Dispatched 165 | . 1 . . . 10 . 7 . 7 . 13 . 19 . 7 34 . . . . 3 33 8 . 4 . 2 . 14 3 Investigation 12 | . . . . . 2 . 2 . . . 2 . . . 3 2 . . . . . . . . . . 1 . . . Extermination 15 | . . . . . . . . . 1 . 5 . 3 . . 2 . . . . 2 . . . . . . . 2 . Reinforcement 27 | . 1 . . . 2 . 1 . 2 . 2 . 8 . 2 3 . . . . 1 . . . 2 . . . 2 1 Assault 90 | . . . . . . . 1 . . . 1 . 8 . 1 27 . . . . . 33 8 . 1 . 1 . 7 2 Garrison 21 | . . . . . 6 . 3 . 4 . 3 . . . 1 . . . . . . . . . 1 . . . 3 . Intercept . | . . . . . . . . . . . . . . . . . . . . . . . . . . . . . . . Construction Impeded 14 | . . . . . 1 . . . . . 1 . 6 . 1 3 . . . . 1 . . . . . . . 1 . Haulers Reinforced 4 | . . . . . . . . . . . 1 . 1 . . . . . . . . . . . 1 . . . 1 . Stealth | -11 -10 -10 -10 -9 -8 -8 -8 -8 -7 -7 -7 -7 -6 -6 -6 -5 -5 -5 -5 -4 -4 -4 -4 -4 -3 -3 -2 -2 -1 -1 --------- Run | Scr Mat Min Exi Min Mat Gar Mat Gar Fac Gar Fac Gar Fac Was Fac Fac Upp Upp Zhi Pro Fac Ext Cet Arc Res Gar Res Gar Acc Com Distress Signals 44 | . . . . . 1 . 2 . . . 2 . 1 . 2 3 . . . . 1 1 1 1 1 . . . 5 23 Communications Jammed . | . . . . . . . . . . . . . . . . . . . . . . . . . . . . . . . Distress Signals . | . . . . . . . . . . . . . . . . . . . . . . . . . . . . . . . Times Spotted 1150 | . 16 7 . 3 56 35 39 20 23 20 46 26 84 3 15 147 14 8 . 30 28 226 26 5 29 16 11 17 49 151 Peak Tracking Total 73 | . 5 3 . 3 8 5 7 5 3 6 5 7 7 2 5 13 5 5 . 6 6 17 14 2 8 6 4 5 8 73 Tactical Retreats 45 | . . 1 . . . 3 1 . 1 1 . 1 4 . 1 6 3 . . 3 1 10 1 . . 2 . . 3 3 Traps | -11 -10 -10 -10 -9 -8 -8 -8 -8 -7 -7 -7 -7 -6 -6 -6 -5 -5 -5 -5 -4 -4 -4 -4 -4 -3 -3 -2 -2 -1 -1 ------- Run | Scr Mat Min Exi Min Mat Gar Mat Gar Fac Gar Fac Gar Fac Was Fac Fac Upp Upp Zhi Pro Fac Ext Cet Arc Res Gar Res Gar Acc Com Traps Triggered 57 | . 1 . . . 3 4 4 9 1 10 6 5 7 . 1 2 . . . . . 1 . . 1 . . 2 . . Indirectly 8 | . . . . . . . . . . . . . 6 . . 2 . . . . . . . . . . . . . . Trap Hack Attempts . | . . . . . . . . . . . . . . . . . . . . . . . . . . . . . . . Triggered . | . . . . . . . . . . . . . . . . . . . . . . . . . . . . . . . Disarmed . | . . . . . . . . . . . . . . . . . . . . . . . . . . . . . . . Reprogrammed . | . . . . . . . . . . . . . . . . . . . . . . . . . . . . . . . Reused . | . . . . . . . . . . . . . . . . . . . . . . . . . . . . . . . Traps Extracted . | . . . . . . . . . . . . . . . . . . . . . . . . . . . . . . . Installed . | . . . . . . . . . . . . . . . . . . . . . . . . . . . . . . . Triggered 2 | . . . . . . . . . . . . . . . . 1 . 1 . . . . . . . . . . . . Machines | -11 -10 -10 -10 -9 -8 -8 -8 -8 -7 -7 -7 -7 -6 -6 -6 -5 -5 -5 -5 -4 -4 -4 -4 -4 -3 -3 -2 -2 -1 -1 ---------- Run | Scr Mat Min Exi Min Mat Gar Mat Gar Fac Gar Fac Gar Fac Was Fac Fac Upp Upp Zhi Pro Fac Ext Cet Arc Res Gar Res Gar Acc Com Machines Disabled 116 | . 1 . . . . 3 1 4 19 3 . 2 17 . 9 30 1 . 1 4 8 1 . 2 1 2 2 1 1 3 Max in Single Turn 17 | . 1 . . . . 1 1 1 17 1 . 1 4 . 2 5 1 . 1 3 3 1 . 1 1 1 1 1 1 1 Garrison Access 2 | . . . . . . . . . 1 . . . . . 1 . . . . . . . . . . . . . . . Garrison Relay 11 | . . . . . . 2 . 4 . 3 . 2 . . . . . . . . . . . . . . . . . . Energy Cycler 2 | . . . . . . . . . . . . . . . . . . . . . . 2 . . . . . . . . Machines Sabotaged . | . . . . . . . . . . . . . . . . . . . . . . . . . . . . . . . Garrisons Compromised . | . . . . . . . . . . . . . . . . . . . . . . . . . . . . . . . Overloaded Fab Kills . | . . . . . . . . . . . . . . . . . . . . . . . . . . . . . . . Fab Network Shutdowns . | . . . . . . . . . . . . . . . . . . . . . . . . . . . . . . . Hacking | -11 -10 -10 -10 -9 -8 -8 -8 -8 -7 -7 -7 -7 -6 -6 -6 -5 -5 -5 -5 -4 -4 -4 -4 -4 -3 -3 -2 -2 -1 -1 --------- Run | Scr Mat Min Exi Min Mat Gar Mat Gar Fac Gar Fac Gar Fac Was Fac Fac Upp Upp Zhi Pro Fac Ext Cet Arc Res Gar Res Gar Acc Com Machines Accessed 45 | . 4 1 2 . 2 . 3 . 3 . 7 . 2 . 2 4 . . 4 . 1 . . . 2 . 3 . 4 1 Terminals 31 | . 4 1 . . 1 . 2 . 1 . 6 . 2 . 2 3 . . . . 1 . . . 1 . 2 . 4 1 Fabricators . | . . . . . . . . . . . . . . . . . . . . . . . . . . . . . . . Repair Stations . | . . . . . . . . . . . . . . . . . . . . . . . . . . . . . . . Recycling Units . | . . . . . . . . . . . . . . . . . . . . . . . . . . . . . . . Scanalyzers . | . . . . . . . . . . . . . . . . . . . . . . . . . . . . . . . Garrison Access 8 | . . . . . 1 . 1 . 2 . 1 . . . . 1 . . . . . . . . 1 . 1 . . . Total Hacks 109 | . 8 2 2 . 5 . 8 . 8 . 18 . 6 . 5 13 . . 17 . 2 . . . 2 . 4 . 7 2 Successful 56 | . 2 1 2 . 3 . 3 . 4 . 5 . 2 . 1 8 . . 17 . 1 . . . 1 . 1 . 4 1 Failed 53 | . 6 1 . . 2 . 5 . 4 . 13 . 4 . 4 5 . . . . 1 . . . 1 . 3 . 3 1 Catastrophic 17 | . . . . . . . 3 . 1 . 4 . 3 . 1 2 . . . . . . . . 1 . 2 . . . Database Lockouts . | . . . . . . . . . . . . . . . . . . . . . . . . . . . . . . . Manual 51 | . 8 3 1 . 2 . 7 . 4 . 14 . 6 . . 4 . . . . . . . . . . . . 2 . Terminals 72 | . 8 2 . . 2 . 7 . 2 . 15 . 6 . 5 10 . . . . 2 . . . 1 . 3 . 7 2 Fabricators . | . . . . . . . . . . . . . . . . . . . . . . . . . . . . . . . Repair Stations . | . . . . . . . . . . . . . . . . . . . . . . . . . . . . . . . Recycling Units . | . . . . . . . . . . . . . . . . . . . . . . . . . . . . . . . Scanalyzers . | . . . . . . . . . . . . . . . . . . . . . . . . . . . . . . . Garrison Access 18 | . . . . . 3 . 1 . 6 . 3 . . . . 3 . . . . . . . . 1 . 1 . . . Terminal Hacks 43 | . 2 1 2 . 2 . 2 . 1 . 2 . 1 . 1 6 . . 17 . 1 . . . . . . . 4 1 Record 6 | . . . 1 . . . . . . . . . . . . . . . 5 . . . . . . . . . . . Part Schematic 4 | . . . . . . . . . . . . . . . . . . . 4 . . . . . . . . . . . Robot Analysis 7 | . 2 . . . 1 . . . . . . . . . . . . . 4 . . . . . . . . . . . Prototype ID Bank 5 | . . . . . . . . . . . . . . . 1 . . . 4 . . . . . . . . . . . Open Door 4 | . . . . . . . . . . . . . . . . . . . . . . . . . . . . . 3 1 Level Access Points 2 | . . 1 . . . . . . . . . . . . . 1 . . . . . . . . . . . . . . Branch Access Points 5 | . . . . . 1 . . . . . 1 . 1 . . 1 . . . . 1 . . . . . . . . . Terminal Index 1 | . . . . . . . . . . . . . . . . . . . . . . . . . . . . . 1 . Garrison Index 1 | . . . . . . . . . . . . . . . . 1 . . . . . . . . . . . . . . Alert Level 2 | . . . . . . . 1 . . . . . . . . 1 . . . . . . . . . . . . . . Unreport Threat 2 | . . . . . . . 1 . 1 . . . . . . . . . . . . . . . . . . . . . Dispatch Records 1 | . . . . . . . . . . . . . . . . 1 . . . . . . . . . . . . . . Zone Layout 2 | . . . . . . . . . . . 1 . . . . 1 . . . . . . . . . . . . . . EX-Prototype ID Bank 1 | . . . 1 . . . . . . . . . . . . . . . . . . . . . . . . . . . Fabricator Hacks . | . . . . . . . . . . . . . . . . . . . . . . . . . . . . . . . Repair Station Hacks . | . . . . . . . . . . . . . . . . . . . . . . . . . . . . . . . Recycling Unit Hacks . | . . . . . . . . . . . . . . . . . . . . . . . . . . . . . . . Scanalyzer . | . . . . . . . . . . . . . . . . . . . . . . . . . . . . . . . Garrison Access Hacks 7 | . . . . . 1 . 1 . 2 . 1 . . . . . . . . . . . . . 1 . 1 . . . Unlock Access 6 | . . . . . 1 . 1 . 1 . 1 . . . . . . . . . . . . . 1 . 1 . . . Seal Access 1 | . . . . . . . . . 1 . . . . . . . . . . . . . . . . . . . . . Unauthorized Hacks 6 | . . . . . . . . . 1 . 2 . 1 . . 2 . . . . . . . . . . . . . . Terminals 3 | . . . . . . . . . . . 2 . 1 . . . . . . . . . . . . . . . . . Botnet 1 | . . . . . . . . . . . 1 . . . . . . . . . . . . . . . . . . . Operators 2 | . . . . . . . . . . . 1 . 1 . . . . . . . . . . . . . . . . . Fabricators . | . . . . . . . . . . . . . . . . . . . . . . . . . . . . . . . Repair Stations . | . . . . . . . . . . . . . . . . . . . . . . . . . . . . . . . Recycling Units . | . . . . . . . . . . . . . . . . . . . . . . . . . . . . . . . Scanalyzers . | . . . . . . . . . . . . . . . . . . . . . . . . . . . . . . . Garrison Access 3 | . . . . . . . . . 1 . . . . . . 2 . . . . . . . . . . . . . . Broadcast 1 | . . . . . . . . . . . . . . . . 1 . . . . . . . . . . . . . . Restock 1 | . . . . . . . . . 1 . . . . . . . . . . . . . . . . . . . . . Intercept 1 | . . . . . . . . . . . . . . . . 1 . . . . . . . . . . . . . . Data Cores Recovered . | . . . . . . . . . . . . . . . . . . . . . . . . . . . . . . . Used . | . . . . . . . . . . . . . . . . . . . . . . . . . . . . . . . Hacking Detections 32 | . 4 . . . . . 2 . 3 . 7 . 2 . 2 4 . . . . 1 . . . 2 . 2 . 2 1 Full Trace Events 5 | . . . . . . . . . . . 1 . . . 1 2 . . . . . . . . . . 1 . . . Feedback Events 1 | . . . . . . . . . . . . . . . . 1 . . . . . . . . . . . . . . Corruption 1 | . . . . . . . . . . . . . . . . 1 . . . . . . . . . . . . . . Feedback Blocked . | . . . . . . . . . . . . . . . . . . . . . . . . . . . . . . . Robot Schematics Acquired . | . . . . . . . . . . . . . . . . . . . . . . . . . . . . . . . Robots Built . | . . . . . . . . . . . . . . . . . . . . . . . . . . . . . . . Matter . | . . . . . . . . . . . . . . . . . . . . . . . . . . . . . . . Time . | . . . . . . . . . . . . . . . . . . . . . . . . . . . . . . . Total Robot Build Rating . | . . . . . . . . . . . . . . . . . . . . . . . . . . . . . . . Part Schematics Acquired 4 | . . . . . . . . . . . . . . . . . . . 4 . . . . . . . . . . . Parts Built . | . . . . . . . . . . . . . . . . . . . . . . . . . . . . . . . Matter . | . . . . . . . . . . . . . . . . . . . . . . . . . . . . . . . Time . | . . . . . . . . . . . . . . . . . . . . . . . . . . . . . . . Total Part Build Rating . | . . . . . . . . . . . . . . . . . . . . . . . . . . . . . . . Parts Repaired . | . . . . . . . . . . . . . . . . . . . . . . . . . . . . . . . Time . | . . . . . . . . . . . . . . . . . . . . . . . . . . . . . . . Parts Recycled . | . . . . . . . . . . . . . . . . . . . . . . . . . . . . . . . Recycled Matter . | . . . . . . . . . . . . . . . . . . . . . . . . . . . . . . . Retrieved Matter . | . . . . . . . . . . . . . . . . . . . . . . . . . . . . . . . Retrieved Components . | . . . . . . . . . . . . . . . . . . . . . . . . . . . . . . . Parts Scanalyzed . | . . . . . . . . . . . . . . . . . . . . . . . . . . . . . . . Part Schematics Acquired . | . . . . . . . . . . . . . . . . . . . . . . . . . . . . . . . Parts Damaged . | . . . . . . . . . . . . . . . . . . . . . . . . . . . . . . . Bothacking | -11 -10 -10 -10 -9 -8 -8 -8 -8 -7 -7 -7 -7 -6 -6 -6 -5 -5 -5 -5 -4 -4 -4 -4 -4 -3 -3 -2 -2 -1 -1 ------------ Run | Scr Mat Min Exi Min Mat Gar Mat Gar Fac Gar Fac Gar Fac Was Fac Fac Upp Upp Zhi Pro Fac Ext Cet Arc Res Gar Res Gar Acc Com Used RIF Installer 5 | . . . . . . 1 . 1 . 1 . 1 . . . . . . . . . . . . . . . 1 . . Coupler Efficiency 1 | . . . . . . . . 1 . . . . . . . . . . . . . . . . . . . . . . Watcher Feeds 1 | . . . . . . . . . . . . 1 . . . . . . . . . . . . . . . . . . Program Shield 1 | . . . . . . . . . . . . . . . . . . . . . . . . . . . . 1 . . Autooverride 1 | . . . . . . . . . . 1 . . . . . . . . . . . . . . . . . . . . Robots Hacked 5 | . . . . . . . 1 . 1 1 1 . . . 1 . . . . . . . . . . . . . . . Non-combat 4 | . . . . . . . 1 . 1 . 1 . . . 1 . . . . . . . . . . . . . . . Combat 1 | . . . . . . . . . . 1 . . . . . . . . . . . . . . . . . . . . Robot Hacks Applied 23 | . . . . . . . 8 . 2 1 8 . . . 4 . . . . . . . . . . . . . . . no_distress 2 | . . . . . . . 1 . . . 1 . . . . . . . . . . . . . . . . . . . check_alert 2 | . . . . . . . 2 . . . . . . . . . . . . . . . . . . . . . . . purge_threat 17 | . . . . . . . 5 . 2 . 6 . . . 4 . . . . . . . . . . . . . . . formatsys_low 1 | . . . . . . . . . . . 1 . . . . . . . . . . . . . . . . . . . formatsys_high 1 | . . . . . . . . . . 1 . . . . . . . . . . . . . . . . . . . . Relay Couplers Released 47 | . . . . . . 9 . 13 4 11 . 8 . . 2 . . . . . . . . . . . . . . . Machine Destruction 43 | . . . . . . 9 . 13 . 11 . 8 . . 2 . . . . . . . . . . . . . . . Programmers 4 | . . . . . . . . . 4 . . . . . . . . . . . . . . . . . . . . . Attached 9 | . . . . . . . 2 1 1 1 2 . . . 2 . . . . . . . . . . . . . . . Robots Rewired . | . . . . . . . . . . . . . . . . . . . . . . . . . . . . . . . Allies Hacked . | . . . . . . . . . . . . . . . . . . . . . . . . . . . . . . . Hacks Repelled . | . . . . . . . . . . . . . . . . . . . . . . . . . . . . . . . Allies | -11 -10 -10 -10 -9 -8 -8 -8 -8 -7 -7 -7 -7 -6 -6 -6 -5 -5 -5 -5 -4 -4 -4 -4 -4 -3 -3 -2 -2 -1 -1 -------- Run | Scr Mat Min Exi Min Mat Gar Mat Gar Fac Gar Fac Gar Fac Was Fac Fac Upp Upp Zhi Pro Fac Ext Cet Arc Res Gar Res Gar Acc Com Total Allies 27 | . . 3 . . . . . . . 1 1 . . 18 . 3 . . . . . 1 . . . . . . . . Largest Group 18 | . . 3 2 2 2 . . . . 1 1 1 . 18 18 3 . . . . . 1 1 1 . . . . . . Highest-Rated Group 668 | . . 40 32 32 32 . . . . 16 26 26 . 668 668 93 . . . . . 156 156 134 . . . . . . Highest-Rated Ally 156 | . . 16 16 16 16 . . . . 16 26 26 . 50 50 31 . . . . . 156 156 134 . . . . . . Total Orders 1 | . . . . . . . . . . . . 1 . . . . . . . . . . . . . . . . . . STAY 1 | . . . . . . . . . . . . 1 . . . . . . . . . . . . . . . . . . Ally Attacks 227 | . . 14 . 7 43 . . . . 10 . . . . 106 12 . . . . . 7 28 . . . . . . . Total Damage 5877 | . . 129 . 100 516 . . . . 109 . . . . 3542 212 . . . . . 179 1090 . . . . . . . Kills 50 | . . 4 . 1 6 . . . . 1 . . . . 31 . . . . . . 1 6 . . . . . . . Allies Corrupted . | . . . . . . . . . . . . . . . . . . . . . . . . . . . . . . . Allies Melted . | . . . . . . . . . . . . . . . . . . . . . . . . . . . . . . . Intel | -11 -10 -10 -10 -9 -8 -8 -8 -8 -7 -7 -7 -7 -6 -6 -6 -5 -5 -5 -5 -4 -4 -4 -4 -4 -3 -3 -2 -2 -1 -1 ------- Run | Scr Mat Min Exi Min Mat Gar Mat Gar Fac Gar Fac Gar Fac Was Fac Fac Upp Upp Zhi Pro Fac Ext Cet Arc Res Gar Res Gar Acc Com Robot Analysis Total 7 | . 2 . . . 1 . . . . . . . . . . . . . 4 . . . . . . . . . . . Derelict Logs Recovered . | . . . . . . . . . . . . . . . . . . . . . . . . . . . . . . . Drone Launches . | . . . . . . . . . . . . . . . . . . . . . . . . . . . . . . . Drone Recoveries . | . . . . . . . . . . . . . . . . . . . . . . . . . . . . . . . Exploration | -11 -10 -10 -10 -9 -8 -8 -8 -8 -7 -7 -7 -7 -6 -6 -6 -5 -5 -5 -5 -4 -4 -4 -4 -4 -3 -3 -2 -2 -1 -1 ------------- Run | Scr Mat Min Exi Min Mat Gar Mat Gar Fac Gar Fac Gar Fac Was Fac Fac Upp Upp Zhi Pro Fac Ext Cet Arc Res Gar Res Gar Acc Com Turns Passed 33047 | 28 850 899 408 145 1443 1360 1602 1158 1541 1092 2422 894 2459 391 619 1918 508 410 356 2477 749 5551 260 147 454 348 453 490 790 825 Spaces Moved 12324 | 18 453 524 256 85 664 540 661 527 632 478 993 389 478 261 419 579 249 192 180 1408 371 493 107 74 199 139 165 183 339 268 Core . | . . . . . . . . . . . . . . . . . . . . . . . . . . . . . . . Treads 10553 | 18 453 524 256 85 664 540 661 527 632 478 993 389 478 20 . 169 249 192 180 707 371 493 107 74 199 139 165 183 339 268 Legs 701 | . . . . . . . . . . . . . . . . . . . . 701 . . . . . . . . . . Wheels 1070 | . . . . . . . . . . . . . . 241 419 410 . . . . . . . . . . . . . . Hover . | . . . . . . . . . . . . . . . . . . . . . . . . . . . . . . . Flight . | . . . . . . . . . . . . . . . . . . . . . . . . . . . . . . . Fastest Speed 120 | 160 160 160 160 160 160 160 190 190 190 190 185 160 160 120 120 130 175 195 170 150 152 152 160 160 160 160 160 160 160 160 Average Speed 169 | 160 160 160 160 160 160 193 190 190 190 190 185 182 163 129 121 145 187 195 181 165 152 156 160 160 160 160 160 160 160 160 Slowest Speed 240 | 160 160 160 160 160 160 240 190 190 190 210 190 185 180 165 130 210 200 195 195 210 152 160 160 160 160 160 160 160 160 160 Overloaded Moves . | . . . . . . . . . . . . . . . . . . . . . . . . . . . . . . . Propulsion Burnouts . | . . . . . . . . . . . . . . . . . . . . . . . . . . . . . . . Robots Hopped . | . . . . . . . . . . . . . . . . . . . . . . . . . . . . . . . Cave-ins Triggered . | . . . . . . . . . . . . . . . . . . . . . . . . . . . . . . . Exploration Rate (%) 47 | 3 81 88 66 31 72 53 57 67 14 77 41 68 21 87 18 20 54 37 61 99 14 70 58 83 7 51 9 50 13 12 Regions Visited 30 Branch Regions 11 Pre-discovered Areas 4 | . . . 1 . . . . . . . . . . . . . . . 3 . . . . . . . . . . . Known Exits Taken 10 | . . . . . 1 . 1 . 1 . 1 . . . 1 1 . . . 1 1 . . . 1 . 1 . . . Unknown Exits Taken 12 | 1 1 1 1 1 . . . . . . . . . . . . 1 1 1 . . 1 1 1 . . . . 1 . Scrap Searched . | . . . . . . . . . . . . . . . . . . . . . . . . . . . . . . . Spaces Dug 197 | . . . . . . 21 . . . . 20 . . . . 4 22 . . 33 . 38 45 . . 3 . . 11 . Terrain Destroyed 2234 | . . . . . . 43 69 . 9 19 20 . 51 194 3 212 22 . 6 91 180 558 137 29 97 76 53 158 65 142 Melee 2 | . . . . . . . . . . . . . . . . . . . . . . 1 1 . . . . . . . Projectile 915 | . . . . . . . . . . . . . . . 3 10 . . 6 9 112 231 33 29 97 76 41 158 65 45 AOE 1317 | . . . . . . 43 69 . 9 19 20 . 51 194 . 202 22 . . 82 68 326 103 . . . 12 . . 97 Terrain Rammed . | . . . . . . . . . . . . . . . . . . . . . . . . . . . . . . . Walls Destroyed . | . . . . . . . . . . . . . . . . . . . . . . . . . . . . . . . Machines Disabled . | . . . . . . . . . . . . . . . . . . . . . . . . . . . . . . . Actions | -11 -10 -10 -10 -9 -8 -8 -8 -8 -7 -7 -7 -7 -6 -6 -6 -5 -5 -5 -5 -4 -4 -4 -4 -4 -3 -3 -2 -2 -1 -1 --------- Run | Scr Mat Min Exi Min Mat Gar Mat Gar Fac Gar Fac Gar Fac Was Fac Fac Upp Upp Zhi Pro Fac Ext Cet Arc Res Gar Res Gar Acc Com Total 22237 | 17 514 563 255 89 855 746 825 610 879 587 1397 469 2045 314 522 1630 276 228 207 1529 483 4966 163 85 261 206 309 288 445 474 Wait 7576 | . 25 23 . 2 85 94 33 16 193 33 276 8 1392 30 62 751 . 11 16 29 40 4186 14 . 14 29 104 56 19 35 Move 12296 | 17 452 523 255 84 664 539 661 525 631 477 992 388 478 260 418 578 248 191 179 1407 370 492 106 73 199 138 165 181 338 267 Hop . | . . . . . . . . . . . . . . . . . . . . . . . . . . . . . . . Pick Up 56 | . . 2 . . . 9 7 3 . 6 2 3 1 3 1 2 . 1 . 4 3 2 2 . . 1 1 . 3 . Fast Attach 43 | . 1 . . . . 3 . 1 1 . 1 . 2 2 1 2 1 1 2 8 1 6 1 . . . . . 2 7 Attach 118 | . . . . . . 5 7 1 3 4 5 5 7 5 4 22 1 . . 3 3 11 5 . 5 2 2 . 5 13 Detach 62 | . . . . . . 5 . . 1 1 2 1 6 1 2 19 2 . . 1 . 10 3 . 3 . . . . 5 Swap 129 | . . 2 . . . 3 4 8 . 6 3 2 16 1 3 26 4 2 . 4 3 25 4 . . . 5 . 2 6 Drop 158 | . . . . . 4 20 10 1 5 4 12 4 6 4 5 12 1 3 2 13 7 14 3 . 1 3 7 . 5 12 Fire 1686 | . 35 11 . 3 97 62 99 33 44 32 87 48 133 8 26 218 19 19 8 60 51 213 23 12 37 33 25 51 71 128 Melee 14 | . . . . . . 2 . 4 . 2 . . . . . . . . . . . 4 2 . . . . . . . Ram . | . . . . . . . . . . . . . . . . . . . . . . . . . . . . . . . Kick . | . . . . . . . . . . . . . . . . . . . . . . . . . . . . . . . Crush 40 | . 1 2 . . 5 . 4 . 1 . 15 . 3 . . . . . . . 5 1 . . 2 . . . . 1 Escape Stasis 56 | . . . . . . 4 . 18 . 22 2 10 . . . . . . . . . . . . . . . . . . Rewire 3 | . . . . . . . . . . . . . 1 . . . . . . . . 2 . . . . . . . . Trap . | . . . . . . . . . . . . . . . . . . . . . . . . . . . . . . . Miscellaneous . | . . . . . . . . . . . . . . . . . . . . . . . . . . . . . . . Route ------- -11/Scrapyard -10/Materials (discovered 3 exits: *Mat x2 / *Min) -10/Mines (discovered 3 exits: *Mat x2 / *Exi) -10/Exiles -9/Mines -8/Materials (discovered 4 exits: *Fac x3 / Gar) -8/Garrison (discovered 2 exits: *Mat x2) -8/Materials (discovered 3 exits: *Fac x2 / Gar) -8/Garrison (discovered 3 exits: *Fac x3) -7/Factory (discovered 2 exits: *Fac / Gar) -7/Garrison (discovered 3 exits: *Fac x3) -7/Factory (discovered 6 exits: *Fac x2 / Sto / *Low x2 / Gar) -7/Garrison (discovered 2 exits: *Fac x2) -6/Factory (discovered 2 exits: *Low x2) -6/Waste -6/Factory (discovered 3 exits: *Fac x3) -5/Factory (discovered 6 exits: Fac x4 / *Upp x2) -5/Upper Caves -5/Upper Caves -5/Zhirov -4/Proximity Caves -4/Factory (discovered 5 exits: Upp x2 / *Ext x2 / Arm) -4/Extension (discovered 2 exits: *Res / [*Cet]) -4/Cetus -4/Archives (discovered 2 exits: *Res / [*Hub]) -3/Research -3/Garrison -2/Research -2/Garrison (discovered 2 exits: *Acc x2) -1/Access -1/Command 0b11 Command History --------- Turn | Location | Event 9 | -11/Scrapyard | Discovered new exit (range 13) 29 | -11/Scrapyard | Entered Materials 50 | -10/Materials | Discovered new exit (range 16) 315 | -10/Materials | Build established: Mutant 324 | -10/Materials | Discovered new exit (range 3) 611 | -10/Materials | Discovered new exit (range 12) 879 | -10/Materials | Entered Mines 915 | -10/Mines | Discovered new exit (range 5) 1321 | -10/Mines | Assisted by bots powering up and referring to "LRC-V3" 1483 | -10/Mines | Found a damaged Exp. Sensor Array with a note attached 1486 | -10/Mines | Found Prototype Device 1487 | -10/Mines | Identified Exp. Sensor Array 1593 | -10/Mines | A weapon hastily lodged in a ceiling crevice suddenly fell to the ground 1599 | -10/Mines | Discovered new exit (range 12) 1616 | -10/Mines | Identified exit to Materials 1768 | -10/Mines | Deemed a non-threat by the Exiles lab entrance 1770 | -10/Mines | Discovered new exit (range 5) 1778 | -10/Mines | Entered Exiles 1778 | -10/Exiles | Accompanied by 2 allies 1818 | -10/Exiles | Met 8R-AWN 1844 | -10/Exiles | Met EX-HEX 1906 | -10/Exiles | Met EX-DEC 1914 | -10/Exiles | Learned location of Zion (-7) 1970 | -10/Exiles | Met EX-BIN 1993 | -10/Exiles | Aligned with FarCom system 1994 | -10/Exiles | Given EX-Vault access code 2031 | -10/Exiles | Opened EX-Vault 2068 | -10/Exiles | Warned to stay clear of 0b10 Research branches 2174 | -10/Exiles | Discovered new exit (range 10) 2186 | -10/Exiles | Entered Mines 2186 | -9/Mines | Accompanied by 2 allies 2310 | -9/Mines | Discovered new exit (range 10) 2331 | -9/Mines | Entered Materials 2331 | -8/Materials | Accompanied by 2 allies 2331 | -8/Materials | Evolved 4 slots: Utility x4 2616 | -8/Materials | Discovered new exit (range 15) 2899 | -8/Materials | Discovered new exit (range 9) 3126 | -8/Materials | Garrison activated, responded to threat 3153 | -8/Materials | Destroyed 9 combat bots 3430 | -8/Materials | Garrison activated, responded to threat 3486 | -8/Materials | Discovered new exit (range 5) 3774 | -8/Materials | Identified exit to Garrison 3774 | -8/Materials | Entered Garrison 4068 | -8/Garrison | Triggered checkpoint 4210 | -8/Garrison | Garrison Relay disabled 4312 | -8/Garrison | Triggered checkpoint 4320 | -8/Garrison | Triggered checkpoint 4368 | -8/Garrison | Destroyed 7 combat bots 4377 | -8/Garrison | Found 99-TNT's Nukerbomber 4382 | -8/Garrison | Triggered checkpoint 4416 | -8/Garrison | Triggered checkpoint 4486 | -8/Garrison | Triggered checkpoint 4568 | -8/Garrison | Discovered new exit (range 15) 4607 | -8/Garrison | Installed Relay Interface Framework 4822 | -8/Garrison | Discovered new exit (range 5) 4984 | -8/Garrison | Triggered checkpoint 5006 | -8/Garrison | Garrison Relay disabled 5134 | -8/Garrison | Entered Materials 5534 | -8/Materials | First assault squad dispatched 5631 | -8/Materials | Destroyed 7 combat bots 6082 | -8/Materials | Garrison activated, responded to threat 6149 | -8/Materials | Discovered new exit (range 10) 6559 | -8/Materials | Discovered new exit (range 5) 6736 | -8/Materials | Identified exit to Garrison 6736 | -8/Materials | Entered Garrison 6772 | -8/Garrison | Triggered checkpoint 6807 | -8/Garrison | Garrison Relay disabled 6947 | -8/Garrison | Triggered checkpoint 7046 | -8/Garrison | Triggered checkpoint 7108 | -8/Garrison | Discovered new exit (range 9) 7136 | -8/Garrison | Expanded RIF knowledge: Coupler Efficiency 7204 | -8/Garrison | Triggered checkpoint 7239 | -8/Garrison | Garrison Relay disabled 7454 | -8/Garrison | Triggered checkpoint 7491 | -8/Garrison | Garrison Relay disabled 7533 | -8/Garrison | Discovered new exit (range 10) 7654 | -8/Garrison | Triggered checkpoint 7711 | -8/Garrison | Discovered new exit (range 15) 7782 | -8/Garrison | Build established: Bothacker-Mutant 7792 | -8/Garrison | Triggered checkpoint 7800 | -8/Garrison | Garrison Relay disabled 7894 | -8/Garrison | Entered Factory 7894 | -7/Factory | Evolved 2 slots: Utility x1, Weapon x1 8182 | -7/Factory | Build established: Tank 8307 | -7/Factory | Discovered new exit (range 11) 8409 | -7/Factory | Garrison activated, responded to threat 9263 | -7/Factory | Identified exit to Garrison 9389 | -7/Factory | Garrison activated, responded to threat 9435 | -7/Factory | Entered Garrison 9552 | -7/Garrison | Triggered checkpoint 9654 | -7/Garrison | Triggered checkpoint 9728 | -7/Garrison | Discovered new exit (range 14) 9811 | -7/Garrison | Garrison Relay disabled 9940 | -7/Garrison | Triggered checkpoint 10040 | -7/Garrison | Discovered new exit (range 14) 10108 | -7/Garrison | Triggered checkpoint 10128 | -7/Garrison | Garrison Relay disabled 10230 | -7/Garrison | Triggered checkpoint 10316 | -7/Garrison | Discovered new exit (range 9) 10341 | -7/Garrison | Expanded RIF knowledge: Autooverride 10444 | -7/Garrison | Triggered checkpoint 10527 | -7/Garrison | Entered Factory 10744 | -7/Factory | Build established: Bothacker-Tank 11849 | -7/Factory | System corruption reached 10% 12120 | -7/Factory | Discovered new exit (range 16) 12307 | -7/Factory | Discovered new exit (range 6) 12397 | -7/Factory | Identified exit to Storage 12397 | -7/Factory | Identified exit to Lower Caves 12461 | -7/Factory | Discovered new exit (range 8) 12466 | -7/Factory | Garrison activated, responded to threat 12522 | -7/Factory | Identified exit to Garrison 12527 | -7/Factory | First assault squad dispatched 12949 | -7/Factory | Entered Garrison 12949 | -7/Garrison | Accompanied by 1 ally 13050 | -7/Garrison | Triggered checkpoint 13115 | -7/Garrison | Destroyed 7 combat bots 13134 | -7/Garrison | Triggered checkpoint 13336 | -7/Garrison | Triggered checkpoint 13362 | -7/Garrison | Triggered checkpoint 13405 | -7/Garrison | Garrison Relay disabled 13463 | -7/Garrison | Discovered new exit (range 13) 13630 | -7/Garrison | Discovered new exit (range 13) 13665 | -7/Garrison | Expanded RIF knowledge: Patrol Navigation 13730 | -7/Garrison | Triggered checkpoint 13768 | -7/Garrison | Garrison Relay disabled 13843 | -7/Garrison | Entered Factory 13843 | -6/Factory | Evolved 2 slots: Power x1, Propulsion x1 14136 | -6/Factory | Build established: Tank 14193 | -6/Factory | First assault squad dispatched 14204 | -6/Factory | Spotted B-75 Beast 14245 | -6/Factory | Destroyed B-75 Beast 14273 | -6/Factory | Found Tesla Bomb Launcher 14281 | -6/Factory | Discovered new exit (range 9) 14534 | -6/Factory | Build established: Mutant 15756 | -6/Factory | Destroyed 10 combat bots 16034 | -6/Factory | Destroyed 8 combat bots 16205 | -6/Factory | Identified exit to Lower Caves 16302 | -6/Factory | Sucked down chute 16302 | -6/Factory | Entered Waste 16354 | -6/Waste | Spotted C-40 Crusher 16356 | -6/Waste | Spotted C-40 Crusher 16357 | -6/Waste | Spotted C-40 Crusher 16357 | -6/Waste | Destroyed C-40 Crusher 16361 | -6/Waste | Destroyed C-40 Crusher 16362 | -6/Waste | Destroyed C-40 Crusher 16377 | -6/Waste | Spotted C-40 Crusher 16387 | -6/Waste | Destroyed C-40 Crusher 16398 | -6/Waste | Spotted C-40 Crusher 16400 | -6/Waste | Destroyed C-40 Crusher 16428 | -6/Waste | Spotted C-40 Crusher 16436 | -6/Waste | Destroyed C-40 Crusher 16517 | -6/Waste | Discovered new exit (range 13) 16612 | -6/Waste | Warlord forces began an assault 16693 | -6/Waste | Entered Factory 16693 | -6/Factory | Accompanied by 18 allies 16878 | -6/Factory | Discovered new exit (range 6) 16918 | -6/Factory | Discovered new exit (range 6) 16935 | -6/Factory | Identified exit to Factory 17142 | -6/Factory | Spotted B-75 Beast 17159 | -6/Factory | Garrison activated, responded to threat 17216 | -6/Factory | Discovered exit to Factory (range 13) 17312 | -6/Factory | Entered another Factory area 17312 | -5/Factory | Evolved 2 slots: Utility x2 17482 | -5/Factory | Identified exit to Upper Caves 17612 | -5/Factory | First assault squad dispatched 17726 | -5/Factory | Destroyed 13 combat bots 18098 | -5/Factory | Identified exit to Factory 18289 | -5/Factory | Destroyed 9 combat bots 18579 | -5/Factory | High security lockdown imminent 18611 | -5/Factory | Destroyed 9 combat bots 18653 | -5/Factory | System corruption reached 10% 18659 | -5/Factory | High security lockdown engaged 18688 | -5/Factory | Destroyed 14 combat bots 18854 | -5/Factory | Destroyed 9 combat bots 18915 | -5/Factory | Destroyed 10 combat bots 19006 | -5/Factory | Destroyed 7 combat bots 19085 | -5/Factory | Found Com. Tesla Bomb Launcher 19104 | -5/Factory | Destroyed 11 combat bots 19217 | -5/Factory | Found Quantum Capacitor 19218 | -5/Factory | Destroyed 12 combat bots 19230 | -5/Factory | Entered Upper Caves 19467 | -5/Upper Caves | Attracted the attention of an 0b10 outpost 19532 | -5/Upper Caves | Destroyed 8 combat bots 19722 | -5/Upper Caves | Discovered new exit (range 9) 19738 | -5/Upper Caves | Entered another Upper Caves area 19740 | -5/Upper Caves | Attracted the attention of an 0b10 checkpoint 19894 | -5/Upper Caves | Encountered a Warlord checkpoint 20128 | -5/Upper Caves | Discovered new exit (range 11) 20148 | -5/Upper Caves | Entered Zhirov 20148 | -5/Zhirov | Discovered new exit (range 3) 20181 | -5/Zhirov | Met Zhirov 20263 | -5/Zhirov | Learned location of Quarantine (-2) 20263 | -5/Zhirov | Learned location of Testing (-3) 20263 | -5/Zhirov | Learned location of Command (-1) 20273 | -5/Zhirov | Zhirov requested help retrieving the SGEMP Prototype 20336 | -5/Zhirov | Cloak Generator disabled 20336 | -5/Zhirov | Attacked by Zhirov 20365 | -5/Zhirov | Zhirov detonated his lab 20504 | -5/Zhirov | Entered Proximity Caves 20547 | -4/Proximity Caves | Spotted B-86 Titan 20559 | -4/Proximity Caves | Destroyed B-86 Titan 21213 | -4/Proximity Caves | Found Exp. Targeting Computer 21389 | -4/Proximity Caves | Attracted the attention of an 0b10 checkpoint 22765 | -4/Proximity Caves | Destroyed 7 combat bots 22972 | -4/Proximity Caves | Discovered exit to Factory (range 4) 22981 | -4/Proximity Caves | Entered Factory 22981 | -4/Factory | Evolved 2 slots: Propulsion x1, Utility x1 23103 | -4/Factory | Build established: Tank 23156 | -4/Factory | Identified exit to Upper Caves 23156 | -4/Factory | Identified exit to Extension 23156 | -4/Factory | Identified exit to Armory 23564 | -4/Factory | Build established: Gunner 23730 | -4/Factory | Entered Extension 23880 | -4/Extension | Disrupted transfer network 23896 | -4/Extension | Destroyed 12 combat bots 23980 | -4/Extension | First assault squad dispatched 24150 | -4/Extension | Destroyed 9 combat bots 25157 | -4/Extension | Destroyed 8 combat bots 27144 | -4/Extension | Destroyed 7 combat bots 28118 | -4/Extension | High security lockdown imminent 28198 | -4/Extension | High security lockdown engaged 28403 | -4/Extension | Destroyed 12 combat bots 28506 | -4/Extension | Destroyed 14 combat bots 28637 | -4/Extension | Destroyed 19 combat bots 28722 | -4/Extension | Destroyed 7 combat bots 28730 | -4/Extension | Sterilization system engaged 28730 | -4/Extension | Non-combat units ordered to evacuate 28812 | -4/Extension | Destroyed 35 combat bots 28830 | -4/Extension | Combat units ordered to evacuate 29030 | -4/Extension | Ambient heat levels rising (+10) 29105 | -4/Extension | Rescued A7 29180 | -4/Extension | Ambient heat levels rising (+10) 29220 | -4/Extension | Energy Cycler disabled 29220 | -4/Extension | Rescued a captive Derelict 29221 | -4/Extension | Rescued a captive Derelict 29221 | -4/Extension | Rescued a captive Derelict 29222 | -4/Extension | Rescued a captive Derelict 29265 | -4/Extension | Discovered new exit (range 13) 29268 | -4/Extension | Discovered new exit (range 8) 29281 | -4/Extension | Entered Cetus 29281 | -4/Cetus | Accompanied by 1 ally (A7) 29286 | -4/Cetus | Acquired a Cetus Manufacturing Module code from A7 29306 | -4/Cetus | Destroyed Cetus Guard 29313 | -4/Cetus | Spotted Cetus Guard 29314 | -4/Cetus | Destroyed Cetus Guard 29319 | -4/Cetus | High security lockdown imminent 29399 | -4/Cetus | High security lockdown engaged 29412 | -4/Cetus | Escorted A7 to Cetus Mainframe 29484 | -4/Cetus | Discovered new exit (range 15) 29485 | -4/Cetus | Destroyed 21 combat bots 29541 | -4/Cetus | Entered Archives 29541 | -4/Archives | Accompanied by 1 ally (A7) 29546 | -4/Archives | Received a hacking code to weaken MAIN.C 29608 | -4/Archives | Discovered new exit (range 16) 29659 | -4/Archives | Discovered new exit (range 16) 29688 | -4/Archives | Entered Research 29688 | -3/Research | Evolved 2 slots: Weapon x2 29938 | -3/Research | First assault squad dispatched 30027 | -3/Research | Destroyed 7 combat bots 30058 | -3/Research | Garrison activated, responded to threat 30115 | -3/Research | Destroyed 8 combat bots 30142 | -3/Research | Identified exit to Garrison 30142 | -3/Research | Entered Garrison 30162 | -3/Garrison | Found Vortex Chain Reactor 30173 | -3/Garrison | Triggered checkpoint 30290 | -3/Garrison | Spotted B-86 Titan 30298 | -3/Garrison | Destroyed B-86 Titan 30348 | -3/Garrison | Triggered checkpoint 30352 | -3/Garrison | Triggered checkpoint 30399 | -3/Garrison | Destroyed 9 combat bots 30402 | -3/Garrison | Found Hvy. Reactive Plating 30471 | -3/Garrison | Discovered new exit (range 12) 30490 | -3/Garrison | Entered Research 30490 | -2/Research | Spotted B-90 Cyclops 30490 | -2/Research | Evolved 2 slots: Utility x2 30494 | -2/Research | Destroyed B-90 Cyclops 30504 | -2/Research | Found Centrium Heavy Armor Plating 30740 | -2/Research | First assault squad dispatched 30841 | -2/Research | Identified exit to Garrison 30943 | -2/Research | Entered Garrison 31025 | -2/Garrison | Destroyed 7 combat bots 31027 | -2/Garrison | Triggered checkpoint 31035 | -2/Garrison | Triggered checkpoint 31130 | -2/Garrison | Destroyed 7 combat bots 31249 | -2/Garrison | Discovered new exit (range 15) 31396 | -2/Garrison | Discovered new exit (range 13) 31425 | -2/Garrison | Expanded RIF knowledge: Program Shield 31433 | -2/Garrison | Entered Access 31433 | -1/Access | Evolved 2 slots: Utility x1, Weapon x1 31654 | -1/Access | Spotted B-99 Colossus 31683 | -1/Access | First assault squad dispatched 31740 | -1/Access | Build established: Executioner 31891 | -1/Access | Garrison activated, responded to threat 32104 | -1/Access | Discovered new exit (range 20) 32223 | -1/Access | Entered Command 32352 | -1/Command | Found Adv. Powered Armor 32359 | -1/Command | Found Adv. Powered Armor 32361 | -1/Command | Found Hvy. Reflective Plating 32433 | -1/Command | Spotted Combat Programmer 32434 | -1/Command | System corruption reached 10% 32434 | -1/Command | Spotted M Guard 32436 | -1/Command | Destroyed M Guard 32447 | -1/Command | Destroyed M Guard 32462 | -1/Command | Destroyed Combat Programmer 32465 | -1/Command | Destroyed Combat Programmer 32465 | -1/Command | All MAIN.C guards destroyed 32473 | -1/Command | First assault squad dispatched 32541 | -1/Command | Met MAIN.C 32605 | -1/Command | Found Centrium Heavy Armor Plating 32625 | -1/Command | System corruption reached 30% 32645 | -1/Command | Destroyed MAIN.C Shell 32648 | -1/Command | MAIN.C activated Command garrisons 32680 | -1/Command | Destroyed MAIN.C 32682 | -1/Command | P-80 Master assimilated allied S-43 Plague 32684 | -1/Command | P-80 Master assimilated allied G-73 Enforcer 32767 | -1/Command | Lost 9 parts (2n3u4w) 32768 | -1/Command | Destroyed 63 combat bots 32768 | -1/Command | Found Hvy. Reflective Plating 32786 | -1/Command | 0b10 Conduit disabled 32804 | -1/Command | Spotted Striker 32816 | -1/Command | Destroyed Striker 32897 | -1/Command | Lost 6 parts (2u4w) 32906 | -1/Command | Destroyed 14 combat bots 33029 | -1/Command | Discovered new exit (range 11) 33048 | *** | Establishing 0b11! Last Messages --------------- 32946_ System corrupted: Lrn. Proton Cannon failed to cycle. 32946_ System corrupted: Lrn. Proton Cannon targeting data glitched. 32946_ K-01 Serf destroyed. 32947_ K-01 Serf collects debris. 32950_ Slug penetrates 0b10 Conduit. 32950_ K-01 Serf collects debris. 32951_ System corrupted: Lrn. Proton Cannon targeting data glitched. 32952_ K-01 Serf collects debris. 32953_ Penetrated by Slug. 32953_ H-88 Terminator destroyed. 32954_ K-01 Serf collects debris. 32955_ System corrupted: Energy discharge (-163). 32955_ K-01 Serf collects debris. 32984_ Slammed into K-01 Serf. 32989_ System corrupted: Matter fused (-9). 33012_ TNBBAV: W= T7